 Dungeon Crawl Stone Soup version 0.19.5 (webtiles) character file.

2911 Gargoyl the Chopper (level 9, 0/74 (75) HPs)
             Began as a Ghoul Abyssal Knight on Apr 6, 2017.
             Was a Priest of Lugonu.
             Splashed by a brown ugly thing's acid (10 damage)
             ... on level 7 of the Dungeon.
             The game lasted 00:20:40 (8099 turns).

Gargoyl the Chopper (Ghoul Abyssal Knight)          Turns: 8099, Time: 00:20:41

HP:   0/74 (75)     AC:  7    Str: 16    XL:     9   Next: 78%
MP:   8/12          EV:  6    Int:  7    God:    Lugonu [***...]
Gold: 400           SH:  0    Dex: 11    Spells: 0 memorised, 8 levels left

rFire  + . .     SeeInvis +     D - +5 long sword
rCold  . . .     Gourm    .     x - +0 plate armour
rNeg   + + +     Faith    .     (no shield)
rPois  ∞         Spirit   .     l - +2 hat
rElec  .         Reflect  .     g - +2 cloak
rCorr  .         Harm     .     j - +0 pair of gloves
MR     .....                    (no boots)
Stlth  ..........               (no amulet)
                                e - ring of fire
                                k - ring of see invisible

@: corroded, rotting
A: rotting body, claws 1, carnivore 3, cold resistance 1, negative energy
resistance 3, slow regeneration 1, torment resistance, unbreathing
a: Depart the Abyss, Bend Space, Banish, Renounce Religion


You were on level 7 of the Dungeon.
You worshipped Lugonu.
Lugonu was most pleased with you.
You were not hungry.

You visited 1 branch of the dungeon, and saw 7 of its levels.
You visited the Abyss 1 time.

You collected 400 gold pieces.

Inventory:

Hand Weapons
 a - a +2 hand axe
 q - a +0 war axe
 D - a +5 long sword (weapon)
Missiles
 m - 8 tomahawks (quivered)
Armour
 g - a +2 cloak (worn)
 j - a +0 pair of gloves (worn)
 l - a +2 hat (worn)
 x - a +0 plate armour (worn)
Jewellery
 e - a ring of fire (right hand)
 k - a ring of see invisible (left hand)
 s - an uncursed ring of flight
 v - an uncursed ring of poison resistance {unknown}
Wands
 b - a wand of flame (4/48)
 r - a wand of paralysis (13/24)
 u - a wand of flame (11/48)
 y - a wand of random effects (28/48)
 A - a wand of acid (3/15)
 C - a wand of digging (21/24)
Scrolls
 f - a scroll of fog
 n - a scroll of blinking
 z - a scroll of identify
 E - a scroll of enchant weapon
 F - a scroll of recharging
Potions
 i - 2 potions of mutation
 o - a potion of lignification {unknown}
 p - 2 potions of haste
 w - 2 potions of brilliance {unknown}
Books
 t - a book of Cantrips

   Spells                             Type                      Level
   a - Confusing Touch                Hexes                        1
   b - Animate Skeleton               Necromancy                   1
   c - Summon Small Mammal            Summoning                    1
   d - Apportation                    Translocation                1
Comestibles
 c - 7 meat rations
 d - a beef jerky
 h - 2 royal jellies


   Skills:
 + Level 6.1 Fighting
 + Level 1.5 Long Blades
 + Level 7.5 Axes
 * Level 6.5 Armour
 + Level 2.6 Dodging
 * Level 6.0 Invocations


You had 8 spell levels left.
You didn't know any spells.

Dungeon Overview and Level Annotations

Branches:
Dungeon (7/15)             Temple (0/1) D:6

Altars:
Dithmenos
Fedhas
Gozag
Ru
Yredelemnul


Innate Abilities, Weirdness & Mutations

Your body is rotting away.
You thrive on raw meat.
You are immune to poison.
You have sharp fingernails.
You are carnivorous and can eat meat at any time.
Your flesh is cold resistant. (rC+)
You are immune to negative energy. (rN+++)
You regenerate slowly when monsters are visible.
You are immune to unholy pain and torment.
You can survive without breathing.


Message History

The brown ugly thing tentacle-slaps you but does no damage.
You closely miss the brown ugly thing.
The brown ugly thing is moderately wounded.
The brown ugly thing tentacle-slaps you but does no damage.
You hit the brown ugly thing.
The brown ugly thing is moderately wounded.
The brown ugly thing tentacle-slaps you.
The acid corrodes you!
You are splashed with acid!
The acid burns!
The brown ugly thing tentacle-slaps you!
You are splashed with acid!
The acid burns!
* * * LOW HITPOINT WARNING * * *
Unknown command.
Press: ? - help, Shift-Dir - straight line, f - brown ugly thing
Aim: a brown ugly thing (moderately wounded, chance to defeat MR: 71%)
The brown ugly thing struggles to resist.
You feel somewhat more hungry.
The brown ugly thing tentacle-slaps you.
* * * LOW HITPOINT WARNING * * *
The acid corrodes you!
You are splashed with acid!
The acid burns!
You die...

#. #.# ###.##
.....#########
.#...........#
.#....######.#####
......##[.Z......#
.........###.###u##
##..u.######.##.@.##
##..#........#.....#
....##########.....#
###.# #..<>.# ##Z##
##...## ##..u##
##.## #...>.##
####.## .......##
##.....#
........####...#..#


You could see a brown ugly thing.

Vanquished Creatures
  Grinder (D:4)
  Sigmund (D:5)
  Menkaure (D:4)
  Edmund (D:6)
  Duvessa (D:5)
  3 phantoms
  A sky beast (D:6)
  An ogre (D:7)
  6 centaurs
  A bullfrog (D:6)
  Dowan (D:5)
  2 scorpions
  4 wights (D:6)
  A hound (D:7)
  A quasit (D:4)
  A bullfrog skeleton (D:7)
  2 orc priests (D:6)
  An iguana (D:3)
  Natasha (thrice) (D:3)
  10 orc wizards
  A worker ant (D:4)
  A hound skeleton (D:6)
  12 adders
  7 gnolls
  An ooze (D:3)
  6 worms
  3 dart slugs
  2 leopard geckos (D:4)
  23 orcs
  5 giant cockroaches
  5 goblins
  4 hobgoblins
  7 jackals
  4 kobolds
  3 quokkas
  2 ball pythons
  6 bats
  2 frilled lizards (D:3)
  5 rats
  A spectral orc (D:5)
143 creatures vanquished.

Vanquished Creatures (others)
  An orc warrior (D:7)
1 creature vanquished.

Grand Total: 144 creatures vanquished

Notes
Turn   | Place    | Note
-------+----------+-------------------------------------------
     0 | Abyss:1  | Gargoyl the Ghoul Abyssal Knight began the quest for the Orb.
     0 | Abyss:1  | Reached XP level 1. HP: 19/19 MP: 1/1
    45 | Abyss:2  | Found a corrupted altar of Lugonu.
    46 | Abyss:2  | Noticed an ettin simulacrum
    80 | Abyss:2  | Noticed a chaos spawn
    81 | D:1      | Escaped the Abyss
   226 | D:1      | Reached * piety under Lugonu
   261 | D:1      | Reached skill level 1 in Dodging
   261 | D:1      | Reached XP level 2. HP: 14/26 MP: 2/2
   899 | D:2      | Reached skill level 2 in Axes
   936 | D:2      | Reached XP level 3. HP: 28/33 MP: 3/3
  1373 | D:2      | Reached XP level 4. HP: 33/40 MP: 5/5
  1384 | D:2      | Found a blossoming altar of Fedhas.
  2044 | D:2      | Reached XP level 5. HP: 40/46 MP: 6/6
  2117 | D:2      | Reached ** piety under Lugonu
  2518 | D:3      | Found a sacrificial altar of Ru.
  2651 | D:3      | Reached skill level 3 in Axes
  2797 | D:3      | Noticed Natasha
  2816 | D:3      | Killed Natasha
  2838 | D:3      | Noticed Natasha
  2861 | D:3      | HP: 2/46 [Natasha/magic dart (8)]
  2865 | D:3      | Killed Natasha
  3241 | D:3      | Noticed Natasha
  3261 | D:3      | Killed Natasha
  3261 | D:3      | Reached XP level 6. HP: 19/51 MP: 7/7
  3849 | D:4      | Found a shadowy altar of Dithmenos.
  4020 | D:4      | Noticed Menkaure
  4034 | D:4      | HP: 1/53 [Menkaure (4)]
  4035 | D:4      | Killed Menkaure
  4035 | D:4      | Reached skill level 4 in Axes
  4035 | D:4      | Reached XP level 7. HP: 1/60 MP: 8/8
  4398 | D:4      | Noticed Grinder
  4399 | D:4      | Paralysed by Grinder for 4 turns
  4407 | D:4      | Paralysed by Grinder for 5 turns
  4425 | D:4      | Killed Grinder
  4596 | D:5      | Entered Level 5 of the Dungeon
  4605 | D:5      | Reached skill level 5 in Axes
  4605 | D:5      | Reached XP level 8. HP: 60/67 MP: 10/10
  4671 | D:5      | Reached skill level 5 in Fighting
  4716 | D:5      | Noticed Sigmund
  4746 | D:5      | Killed Sigmund
  4962 | D:5      | Reached skill level 5 in Armour
  5110 | D:5      | Reached skill level 6 in Axes
  5239 | D:5      | Noticed Duvessa
  5239 | D:5      | Noticed Dowan
  5254 | D:5      | Killed Duvessa
  5254 | D:5      | Reached *** piety under Lugonu
  5254 | D:5      | Reached skill level 5 in Invocations
  5265 | D:5      | Killed Dowan
  5348 | D:5      | Found a basalt altar of Yredelemnul.
  5487 | D:5      | Reached XP level 9. HP: 49/74 MP: 11/11
  5624 | D:6      | Found an opulent altar of Gozag.
  6479 | D:6      | Reached skill level 7 in Axes
  6710 | D:6      | Found a blossoming altar of Fedhas.
  7049 | D:6      | Found a staircase to the Ecumenical Temple.
  7056 | D:6      | Noticed Edmund
  7076 | D:6      | Killed Edmund
  7498 | D:6      | Reached skill level 1 in Long Blades
  7781 | D:7      | Noticed a brown ugly thing
  8099 | D:7      | Splashed by a brown ugly thing's acid

Skill      XL: |  1  2  3  4  5  6  7  8  9 |
---------------+----------------------------+-----
Dodging        | 1 2 |  2.6
Armour         | 2 3 4 5 6 |  6.5
Axes           | 2 3 4 5 6 7 |  7.5
Invocations    | 3 4 5 6 |  6.0
Fighting       | 4 5 6 |  6.1
Long Blades    | 1 |  1.5

Action                   |  1- 3 |  4- 6 |  7- 9 || total
-------------------------+-------+-------+-------++-------
Melee: Hand axe          |   123 |   247 |       ||   370
       War axe           |       |    11 |   412 ||   423
       Long sword        |       |       |    73 ||    73
Invok: Depart the Abyss  |     1 |       |       ||     1
       Bend Space        |       |       |     1 ||     1
       Banish            |       |       |     4 ||     4
  Use: Scroll            |     8 |     6 |     6 ||    20
       Potion            |       |    12 |     2 ||    14
  Eat: Chunk             |    24 |    28 |    62 ||   114
Armor: Leather armour    |    55 |    42 |       ||    97
       Scale mail        |       |    43 |       ||    43
       Chain mail        |       |    11 |   342 ||   353
       Plate armour      |       |       |   155 ||   155
Dodge: Dodged            |    81 |   138 |   244 ||   463
       Rpst.: Long sword |       |       |     6 ||     6
